 Dungeon Crawl Stone Soup version 0.30.0-18-gc0e69614cb (webtiles) character file.

Game seed: 14159726418686213278

24 loir the Sneak (level 2, -2/13 HPs)
             Began as a Spriggan Enchanter on May 23, 2023.
             Slain by a gnoll
             ... wielding a +0 spear
              (10 damage)
             ... on level 1 of the Dungeon.
             The game lasted 00:07:08 (526 turns).

loir the Sneak (Spriggan Enchanter)                  Turns: 526, Time: 00:07:09

Health: -2/13      AC:  2    Str:  4    XL:     2   Next: 79%
Magic:  7/7        EV: 17    Int: 16    God:
Gold:   56         SH:  0    Dex: 15    Spells: 7/7 levels left

rFire   . . .        a - +1 dagger
rCold   . . .        (no shield)
rNeg    . . .        b - +0 robe
rPois   .            (helmet restricted)
rElec   .            (no cloak)
rCorr   .            (gloves unavailable)
SInv    +            (boots unavailable)
Will    .....        (no amulet)
Stlth   +++          f - ring of wizardry
HPRegen 0.22/turn    (no ring)
MPRegen 0.10/turn

%: wizardry (x1)
@: very quick
A: very small, no large weapons, unfitting armour, see invisible, speed 3
a: no special abilities


You were on level 1 of the Dungeon.
You visited 1 branch of the dungeon, and saw 2 of its levels.

You collected 56 gold pieces.

Inventory:

Hand Weapons
 a - a +1 dagger (weapon)
Armour
 b - a +0 robe (worn)
Jewellery
 f - a ring of wizardry (left hand)
Scrolls
 e - 2 scrolls of poison
 g - a scroll of identify
 h - a scroll of teleportation
Potions
 c - 2 potions of invisibility
 d - a potion of haste


   Skills:
 + Level 1.5 Short Blades
 * Level 3.1 Dodging
 * Level 4.8 Stealth
 * Level 3.1 Spellcasting
 * Level 4.0 Hexes


You had 7 spell levels left.
You didn't know any spells.
Your spell library contained the following spells:

 Spells                   Type           Power      Damage    Failure   Level
 Ensorcelled Hibernation  Hex/Ice        16%        N/A       4%          2
 Confusing Touch          Hex            15%        N/A       4%          3
 Tukima's Dance           Hex            15%        N/A       4%          3
 Dazzling Flash           Conj/Hex       16%        N/A       10%         3


Dungeon Overview and Level Annotations

Branches:
Dungeon (2/15)

Altars:


Innate Abilities, Weirdness & Mutations

You are very small and have problems with some larger weapons.
You are too small for most types of armour.
You have supernaturally acute eyesight. (SInv)
You cover ground extremely quickly. (Speed+++)


Message History

You barely miss the ball python. The ball python bites you.
The ball python completely misses you.
You hit the ball python.
The ball python is moderately wounded.
The ball python closely misses you. The ball python completely misses you.
You hit the ball python.
You kill the ball python!
Your Hexes skill increases to level 4!
You hit the kobold.
You kill the kobold!
Items here: ( ) ††.
A gnoll comes into view. It is wielding a +0 spear.
The gnoll moves out of view.
You don't know any spells.
You don't know any spells.
The gnoll shouts!
The gnoll barely misses you.
You completely miss the gnoll. The gnoll closely misses you.
You hit the gnoll.
The gnoll is moderately wounded.
The gnoll misses you.
You barely miss the gnoll.
The gnoll is moderately wounded.
The gnoll hits you with a +0 spear!
Ouch! That really hurt!
There is a stone staircase leading down here.
You climb downwards.
There is a stone staircase leading up here.
You start resting.
HP restored.
You climb upwards.
There is a stone staircase leading down here.
You don't know any spells.
The gnoll misses you.
You barely miss the gnoll. The gnoll completely misses you.
You hit the gnoll but do no damage. The gnoll barely misses you.
You barely miss the gnoll. The gnoll hits you with a +0 spear.
The gnoll hits you from afar with a +0 spear!
Ouch! That really hurt!
You die...

...##....##....... ....
....#........ ...# # ....
................#.# ....
.(.............#.# ....
................# ....
#...............###
....#####...................
...........#'######.##.....
................@>........#
.............#g####.#...#.#
...#.####...........#.....
...#.####......#.##.#...##
.............#.#.##.#.#.###
............##.#..........#
...#)###....##.#.##.#.#.#.#
......................#.#.#
...#.###....#÷......###.#.###


You could see a gnoll.

Vanquished Creatures
  3 giant cockroaches (D:1)
  2 goblins (D:1)
  A hobgoblin (D:1)
  4 jackals (D:1)
  2 quokkas (D:1)
  2 ball pythons (D:1)
  5 kobolds (D:1)
  2 rats (D:1)
21 creatures vanquished.

Notes
Turn   | Place    | Note
-------+----------+-------------------------------------------
     0 | D:1      | loir the Spriggan Enchanter began the quest for the Orb.
     0 | D:1      | Reached XP level 1. HP: 9/9 MP: 5/5
   222 | D:1      | Reached XP level 2. HP: 13/13 MP: 6/6
   526 | D:1      | Slain by a gnoll

Illustrated notes

Levels and vault maps discovered:
D:1:      lightli_arrival_noodles, layout_basic
D:2:      layout_basic, serial_shops, shop_fountains,
          amcnicky_mini_rare_corridor_liquid

Skill      XL: |  1  2 |
---------------+-------+-----
Dodging        | 3 |  3.1
Spellcasting   | 3 |  3.1
Hexes          | 4 |  4.0
Short Blades   | |  1.5
Stealth        | |  4.8

Action                     || total
---------------------------++-------
  Melee: Dagger            ||    93
         Punch             ||     1
    Use: Scroll            ||     5
   Stab: Sleeping          ||     3
 Armour: Robe              ||    14
  Dodge: Dodged            ||    68
